 Dungeon Crawl Stone Soup version 0.25-a0-707-g603da076d2 (webtiles) character file.

Game seed: 12442074974054741020, levelgen mode: deterministic

2177 Flugslaktarn the Cleaver (level 9, -1/79 HPs)
             Began as a Minotaur Fighter on Apr 4, 2020.
             Was a Believer of Okawaru.
             Slain by a killer bee (6 damage)
             ... on level 8 of the Dungeon.
             The game lasted 00:02:52 (5374 turns).

Flugslaktarn the Cleaver (Minotaur Fighter)         Turns: 5374, Time: 00:02:53

Health: -1/79      AC: 13    Str: 23    XL:     9   Next: 11%
Magic:  10/10      EV:  6    Int:  5    God:    Okawaru [**....]
Gold:   221        SH: 11    Dex: 11    Spells: 8/8 levels left

rFire    . . .     SeeInvis .   f - +2 war axe (freeze)
rCold    . . .     Gourm    .   c - +0 kite shield
rNeg     . . .     Faith    .   n - +0 chain mail
rPois    .         Spirit   .   (helmet restricted)
rElec    .         Reflect  .   (no cloak)
rCorr    .         Harm     .   h - +0 pair of gloves
MR       .....                  q - +0 pair of boots
Stlth    ..........             (no amulet)
HPRegen  0.23/turn              (no ring)
MPRegen  0.12/turn              (no ring)

@: lethally poisoned (-1 -> -27)
A: retaliatory headbutt, horns 2
a: Heroism, Renounce Religion


You were on level 8 of the Dungeon.
You worshipped Okawaru.
Okawaru was pleased with you.
You were hungry.

You visited 1 branch of the dungeon, and saw 8 of its levels.

You collected 257 gold pieces.
You spent 36 gold pieces at shops.

Inventory:

Hand Weapons
 a - a +0 war axe
 f - a +2 war axe of freezing (weapon)
   (You took it off an orc on level 3 of the Dungeon)
Armour
 c - a +0 kite shield (worn)
 h - a +0 pair of gloves (worn)
   (You found it on level 1 of the Dungeon)
 n - a +0 chain mail (worn)
   (You took it off an orc warrior on level 6 of the Dungeon)
 q - a +0 pair of boots (worn)
   (You found it on level 5 of the Dungeon)
Wands
 b - a wand of iceblast (7)
   (You found it on level 6 of the Dungeon)
Scrolls
 j - a scroll of enchant armour
 l - a scroll of magic mapping
 o - a scroll of blinking {unknown}
 r - a scroll of identify
 s - 2 scrolls of immolation
 t - 2 scrolls of teleportation
 x - 4 scrolls of remove curse
Potions
 d - a potion of might
 i - 2 potions of flight
 k - 4 potions of stabbing
 m - a potion of lignification {unknown}
 p - a potion of curing {unknown}
Comestibles
 e - 9 rations


   Skills:
 + Level 7.1 Fighting
 * Level 8.9 Axes
 + Level 7.2 Armour
 + Level 7.0 Shields
 + Level 3.7 Invocations


You had 8 spell levels left.
You didn't know any spells.
Your spell library was empty.

Dungeon Overview and Level Annotations

Branches:
Dungeon (8/15)             Temple (0/1) D:5
   Lair: D:8-11

Altars:
Dithmenos
Kikubaaqudgha
Nemelex Xobeh
Okawaru
Ru
Trog
Vehumet
Yredelemnul

Shops:
D:6 *


Innate Abilities, Weirdness & Mutations

You reflexively headbutt those who attack you in melee.
You have a pair of horns on your head.


Message History

The killer bee stings you. x3
You are more poisoned.
The killer bee poisons you! The killer bee barely misses you.
The killer bee stings you but does no damage.
You block the queen bee's attack. The killer bee stings you.
You are more poisoned.
The killer bee poisons you!
You closely miss the killer bee.
The killer bee is severely wounded.
You hit the queen bee. You freeze the queen bee. You miss the killer bee.
You feel very sick. The killer bee stings you.
You block the killer bee's attack. The killer bee barely misses you.
The killer bee stings you!
* * * LOW HITPOINT WARNING * * *
The killer bee stings you!
* * * LOW HITPOINT WARNING * * *
The queen bee stings you!
* * * LOW HITPOINT WARNING * * *
The killer bee closely misses you. The killer bee stings you.
You die...

#... ..>.#
#.#.##...####.
............. .
............#.#
........#.#.#
...........
##.y....#
#yyyy...#
#%##@†...#..#.
#y# #..<.......
#o# #..#.###.#.
#y# #....# #.#
#.....# ##
#..#### ...#
....# #####


You could see a queen bee and 4 killer bees.

Vanquished Creatures
  Grinder (D:5)
  Sigmund (D:2)
  Eustachio (D:6)
  A hungry ghost (D:7)
  Menkaure (D:6)
  2 orc warriors
  An ogre (D:6)
  3 phantoms
  A bullfrog (D:7)
  2 killer bees (D:8)
  2 crimson imps
  A bullfrog zombie (D:5)
  A gnoll shaman (D:7)
  2 jellies (D:6)
  2 iguanas
  9 orc wizards
  3 worker ants (D:4)
  A killer bee zombie (D:6)
  Robin (D:3)
  3 gnolls (D:7)
  4 adders
  A shadow imp (D:7)
  An adder zombie (D:8)
  5 worms
  2 dart slugs
  2 leopard geckos
  22 orcs
  4 giant cockroaches
  4 hobgoblins
  5 jackals
  2 quokkas
  2 ball pythons
  7 bats
  2 frilled lizards (D:1)
  15 goblins
  3 kobolds
  A leopard gecko skeleton (D:6)
  7 rats
128 creatures vanquished.

Vanquished Creatures (others)
  A giant cockroach (D:3)
1 creature vanquished.

Grand Total: 129 creatures vanquished

Notes
Turn   | Place    | Note
-------+----------+-------------------------------------------
     0 | D:1      | Flugslaktarn the Minotaur Fighter began the quest for the
                  | Orb.
     0 | D:1      | Reached XP level 1. HP: 19/19 MP: 0/0
   165 | D:1      | Reached XP level 2. HP: 27/27 MP: 1/1
   188 | D:1      | Reached skill level 3 in Axes
   294 | D:2      | Found a sparkling altar of Nemelex Xobeh.
   305 | D:2      | Reached XP level 3. HP: 29/33 MP: 2/2
   502 | D:2      | Noticed Sigmund
   516 | D:2      | Killed Sigmund
   516 | D:2      | Reached skill level 4 in Axes
   516 | D:2      | Reached XP level 4. HP: 18/41 MP: 3/3
   516 | D:2      | Reached XP level 5. HP: 21/47 MP: 4/4
   552 | D:3      | Noticed Robin
   561 | D:3      | Reached skill level 5 in Axes
   563 | D:3      | Killed Robin
   563 | D:3      | Reached XP level 6. HP: 29/55 MP: 5/5
   576 | D:3      | Reached skill level 5 in Armour
   584 | D:3      | Reached skill level 5 in Shields
   855 | D:3      | Found a basalt altar of Yredelemnul.
   856 | D:3      | Found an ancient bone altar of Kikubaaqudgha.
   857 | D:3      | Found a radiant altar of Vehumet.
   912 | D:4      | Found an iron altar of Okawaru.
  1053 | D:4      | Reached skill level 5 in Fighting
  1602 | D:4      | Became a worshipper of Warmaster Okawaru
  1819 | D:5      | Entered Level 5 of the Dungeon
  1822 | D:5      | Found a bloodstained altar of Trog.
  1948 | D:5      | Found a staircase to the Ecumenical Temple.
  1973 | D:5      | Reached skill level 6 in Axes
  1973 | D:5      | Reached XP level 7. HP: 42/61 MP: 6/6
  2228 | D:5      | Found a sacrificial altar of Ru.
  2335 | D:5      | Noticed Grinder
  2347 | D:5      | Paralysed by Grinder for 7 turns
  2359 | D:5      | Paralysed by Grinder for 3 turns
  2364 | D:5      | Paralysed by Grinder for 6 turns
  2618 | D:5      | Paralysed by Grinder for 3 turns
  2627 | D:5      | Killed Grinder
  2627 | D:5      | Reached skill level 1 in Invocations
  3045 | D:6      | Reached * piety under Okawaru
  3087 | D:6      | Reached skill level 7 in Axes
  3201 | D:6      | Found a shadowy altar of Dithmenos.
  3231 | D:6      | Noticed Eustachio
  3234 | D:6      | Reached XP level 8. HP: 70/70 MP: 8/8
  3261 | D:6      | Killed Eustachio
  3464 | D:6      | Found Ekliosor's General Store.
  3472 | D:6      | Bought a scroll of teleportation for 36 gold pieces
  3874 | D:6      | Noticed Menkaure
  3884 | D:6      | Killed Menkaure
  3884 | D:6      | Reached ** piety under Okawaru
  3910 | D:6      | Reached skill level 8 in Axes
  4985 | D:7      | Reached XP level 9. HP: 76/79 MP: 10/10
  5364 | D:8      | Noticed a queen bee
  5374 | D:8      | Slain by a killer bee

Levels and vault maps discovered:
D:1:      wander_arrival_estate, layout_basic
D:2:      layout_loops_ring, lemuel_doored_altar,
          nemelex_xobeh_ov_fountains_minmay, uniq_sigmund
D:3:      layout_rooms, chequers_temple_overflow_statue_of_worship,
          elyvilon_altar_4, uniq_jessica, uniq_robin
D:4:      layout_basic, okawaru_metal_pillars_1_2
D:5:      layout_gridville, bloody_trog, minmay_temple_entry_crystal_x,
          cheibrodos_sewer_entry_bend, first_ration, nicolae_ru_path_of_blood,
          uniq_grinder
D:6:      layout_layer_cave, nicolae_dithmenos_shadow_blocks, serial_shops,
          shop, uniq_menkaure, uniq_eustachio
D:7:      layout_basic, nicolae_underground_beach
D:8:      layout_basic, nicolae_overflow_crystal_walls,
          nicolae_overflow_hidden_temple, dpeg_oklobed_lair, david_nohive_1,
          minmay_orc_keep

Skill      XL: |  1  2  3  4  5  6  7  8 |
---------------+-------------------------+-----
Axes           | 3 4 5 6 7 8 |  8.9
Armour         | 4 5 6 7 |  7.2
Shields        | 4 5 6 7 |  7.0
Fighting       | 4 5 6 7 |  7.1
Invocations    | 2 3 |  3.7

Action                   |  1- 3 |  4- 6 |  7- 9 || total
-------------------------+-------+-------+-------++-------
Melee: War axe           |    77 |    96 |   184 ||   357
       Headbutt          |     7 |    19 |    30 ||    56
  Use: Scroll            |       |       |    10 ||    10
  Eat: Chunk             |       |     4 |     8 ||    12
       Ration            |       |       |     1 ||     1
Armor: Chain mail        |    32 |    66 |    94 ||   192
       Scale mail        |     7 |       |       ||     7
Dodge: Dodged            |    20 |    15 |    47 ||    82
Block: Kite shield       |    41 |    59 |    89 ||   189

Table legend:
 A = Non-vault XP
 B = Vault XP
 C = Vault XP percentage of total XP
 D = Non-vault monster count
 E = Vault monster count
 F = Vault count percentage of total count
                 A         B        C        D         E       F
            +---------+---------+-------+---------+---------+-------
      Total |    2096 |    1015 |  32.6 |     108 |      20 |  15.6
            +---------+---------+-------+---------+---------+-------
        D:1 |      32 |       0 |   0.0 |      22 |       0 |   0.0
        D:2 |      23 |     223 |  90.7 |      12 |       1 |   7.7
        D:3 |     143 |      35 |  19.7 |      14 |      12 |  46.2
        D:4 |     203 |       0 |   0.0 |      12 |       0 |   0.0
        D:5 |     241 |     264 |  52.3 |      16 |       3 |  15.8
        D:6 |     756 |     368 |  32.7 |      14 |       2 |  12.5
        D:7 |     692 |       0 |   0.0 |      17 |       0 |   0.0
        D:8 |       6 |     125 |  95.4 |       1 |       2 |  66.7
            +---------+---------+-------+---------+---------+-------
